 Dungeon Crawl Stone Soup version 0.28-a0-1374-ga75cb3825e (webtiles) character file.

Game seed: 14397294099721587437

4650 browni3141 the Covert (level 10, -2/71 HPs)
             Began as an Octopode Venom Mage on Jan 1, 2022.
             Was an Initiate of Vehumet.
             Slain by a wraith (4 damage)
             ... on level 6 of the Dungeon.
             The game lasted 00:29:00 (11162 turns).

browni3141 the Covert (Octopode Venom Mage)        Turns: 11162, Time: 00:29:01

Health: -2/71      AC:  1    Str:  7    XL:     10   Next: 43%
Magic:  2/25       EV: 16    Int: 23    God:    Vehumet [......]
Gold:   262        SH:  0    Dex: 12    Spells: 1/17 levels left

rFire   + . .      SeeInvis .   m - +1 dagger (venom)
rCold   . . .      Faith    +   (no shield)
rNeg    . . .      Spirit   .   (helmet restricted)
rPois   .          Reflect  .   n - amulet of faith
rElec   .          Harm     .   d - ring of magical power
rCorr   .          Rampage  .   g - ring of wizardry
Will    +....                   j - ring of fire
Stlth   +++++.....              u - ring of wizardry
HPRegen 0.21/turn               w - ring of willpower
MPRegen 0.19/turn               y - ring of protection from cold
                                (no ring)
                                (no ring)

@: slowed, very slow
A: almost no armour, amphibious, 8 rings, camouflage 1, gelatinous body 1,
(nimble swimmer 1), tentacles
a: Renounce Religion


You were on level 6 of the Dungeon.
You worshipped Vehumet.
Vehumet was noncommittal.
You visited 2 branches of the dungeon, and saw 8 of its levels.

You collected 262 gold pieces.

Inventory:

Hand Weapons
 h - a +3 dagger
 m - a +1 dagger of venom (weapon)
Missiles
 q - a throwing net
Jewellery
 d - a ring of magical power (left tentacle)
 g - a ring of wizardry (right tentacle)
 j - a ring of fire (on tentacle)
 n - an amulet of faith (around mantle)
 u - a ring of wizardry (on tentacle)
 w - a ring of willpower (on tentacle)
 y - a ring of protection from cold (on tentacle)
Scrolls
 a - a scroll of immolation
 c - 3 scrolls of enchant weapon
 e - a scroll of vulnerability
 i - a scroll of torment {unknown}
 k - 3 scrolls of fog {unknown}
 l - a scroll of acquirement {unknown}
 o - a scroll of noise {unknown}
 p - 5 scrolls of blinking {unknown}
 s - 3 scrolls of fear {unknown}
 v - 2 scrolls of identify
Potions
 b - 3 potions of degeneration
 f - a potion of haste {unknown}
 r - a potion of heal wounds {unknown}
 t - a potion of invisibility {unknown}
 x - a potion of brilliance {unknown}


   Skills:
 * Level 7.4 Fighting
 * Level 8.0 Dodging
 + Level 8.2 Stealth
 - Level 4.0 Spellcasting
 - Level 2.0 Conjurations
 * Level 3.6 Necromancy
 - Level 2.0 Transmutations
 - Level 2.0 Air Magic
 - Level 8.0 Poison Magic


You had one spell level left.
You knew the following spells:

 Your Spells              Type           Power      Damage    Failure   Level
a - Sting                 Tmut/Pois      100%       1d8       1%          1
b - Poisonous Vapours     Pois/Air       54%        N/A       1%          2
c - Mephitic Cloud        Conj/Pois/Air  23%        N/A       1%          3
d - Olgreb's Toxic Radia  Pois           41%        N/A       1%          4
e - Static Discharge      Conj/Air       13%        N/A       1%          2
f - Dispel Undead         Necr           21%        3d11      7%          4

Your spell library contained the following spells:

 Spells                   Type           Power      Damage    Failure   Level
 Inner Flame              Hex/Fire       6%         N/A       9%          3
 Ozocubu's Armour         Ice            4%         N/A       9%          3
 Sticky Flame             Conj/Fire      13%        2d4       17%         4
 Cause Fear               Hex            2%         N/A       26%         4
 Ozocubu's Refrigeration  Ice            2%         4d5       100%        7
 Discord                  Hex            2%         N/A       100%        8


Dungeon Overview and Level Annotations

Branches:
Dungeon (7/15)             Temple (1/1) D:6

Altars:
Ashenzari
Cheibriados
Dithmenos
Elyvilon
Fedhas
Gozag
Hepliaklqana
Kikubaaqudgha
Makhleb
Nemelex Xobeh
Okawaru
Qazlal
Ru
Sif Muna
Uskayaw
Vehumet
Wu Jian
Xom
Yredelemnul
Zin
The Shining One

Shops:
D:3 *

Annotations:
D:3 Grinder
D:4 exclusions: phantom and wight


Innate Abilities, Weirdness & Mutations

You cannot wear most types of armour.
You are amphibious.
You can wear up to eight rings at the same time.
Your skin changes colour to match your surroundings (Stealth+).
Your rubbery body absorbs attacks. (AC +1, EV +1)
((You are camouflaged when in or above water. (Stealth+)))
You have tentacles for arms and can constrict up to eight enemies at once.


Message History

The wraith is dispelled!
The wraith hits you! The wraith completely misses you.
Unknown command.
The wraith misses you.
You aren't carrying any items that you can evoke.
The wraith closely misses you. The wraith hits you!
You feel yourself speed up. The wraith hits you!
* * * LOW HITPOINT WARNING * * *
Casting: Dispel Undead (dangerous; 7% risk of failure)
Confirm with . or Enter, or press ? or * to list all spells.
You miscast Static Discharge.
You are very lightly contaminated with residual magic.
Nothing appears to happen.
The wraith misses you.
Unknown command.
Unknown command.
You aren't carrying any items that you can evoke.
Unknown command.
Okay, then.
There is a stone staircase leading up here.
The wraith hits you!
* * * LOW HITPOINT WARNING * * *
The wraith drains your vigour!
You feel yourself slow down.
You climb upwards.
There is a stone staircase leading down here.
Unknown command.
You aren't carrying any items that you can evoke.
Okay, then.
Unknown command.
Unknown command.
A wraith is nearby!
Unknown command.
The wraith hits you.
* * * LOW HITPOINT WARNING * * *
The wraith drains your vigour!
You feel as though you will be slow longer.
Your magical contamination has completely faded away.
Unknown command.
The wraith hits you.
You die...

.###################.###.#.#
......................##.#.#
#.#.#.#.############..##.#.#
...#....# #......##.#.#
..#.#.#.### #.####.##.#.# ###
.....#....######.# #..<....# #..
....#.#..........###..##.### #.#
.........................# #.#
......#.##......@###.#.#.# #.#
................W.#.<#...######.#
#.#.#.#..........>#..###.#......#
.........######.###[.#...#.######
..#.#.#..# #.# #..#.#.#.#####
.........# #.# #..#.###.#...#
###.#.#.## #.# #..#.......#.#
<.......##### #.# #..#####.###.#
......#.....# #.# #..# #.......#


You could see a wraith.

Vanquished Creatures
  2 two-headed ogres
  A skeletal warrior (D:7)
  Pikel (D:6)
  Sigmund (D:6)
  2 steam dragons (D:7)
  2 water moccasins (D:6)
  A black bear (D:4)
  2 ice beasts
  2 necrophages
  2 sky beasts
  A centaur (D:7)
  A phantom (D:5)
  4 lemures
  Blork the orc (D:5)
  2 bullfrogs
  A scorpion (D:7)
  2 howler monkeys
  An orc priest (D:3)
  2 bullfrog skeletons
  A jelly (D:5)
  2 centaur skeletons
  4 hounds
  Ijyb (D:3)
  Natasha (thrice) (D:4)
  2 orc wizards
  A scorpion zombie (D:5)
  3 iguanas
  A killer bee zombie (D:6)
  A hound zombie (D:5)
  A hound skeleton (D:4)
  A howler monkey zombie (D:6)
  Robin (D:2)
  6 adders
  A white imp (D:7)
  2 ufetubi (D:5)
  A worm (D:3)
  4 dart slugs
  12 orcs
  4 ball pythons
  3 endoplasms
  A giant cockroach (D:1)
  15 goblins
  8 hobgoblins
  5 jackals (D:4)
  A quokka (D:3)
  2 bats
  5 kobolds
  3 rats
126 creatures vanquished.

Notes
Turn   | Place    | Note
-------+----------+-------------------------------------------
     0 | D:1      | browni3141 the Octopode Venom Mage began the quest for the
                  | Orb.
     0 | D:1      | Reached XP level 1. HP: 11/11 MP: 3/3
   176 | D:1      | Reached XP level 2. HP: 9/17 MP: 1/5
   548 | D:1      | Found a faded altar of an unknown god.
   957 | D:2      | Reached XP level 3. HP: 21/21 MP: 6/6
   960 | D:2      | Learned a level 2 spell: Poisonous Vapours
   964 | D:2      | Learned a level 3 spell: Mephitic Cloud
  1488 | D:2      | Noticed Robin
  1788 | D:2      | Found a stormy altar of Qazlal.
  1902 | D:2      | Killed Robin
  1903 | D:2      | Reached XP level 4. HP: 20/27 MP: 7/7
  2059 | D:2      | Reached skill level 5 in Poison Magic
  2395 | D:3      | Found Sulow's Assorted Antiques.
  2577 | D:3      | Noticed Grinder
  2641 | D:3      | Paralysed by Grinder for 4 turns
  3096 | D:3      | Reached XP level 5. HP: 28/31 MP: 3/9
  3561 | D:4      | Noticed a necrophage
  3792 | D:4      | Learned a level 4 spell: Olgreb's Toxic Radiance
  3831 | D:4      | Reached XP level 6. HP: 18/36 MP: 11/11
  4072 | D:4      | Noticed a black bear
  4094 | D:4      | Killed a black bear
  4322 | D:3      | Reached skill level 1 in Conjurations
  4322 | D:3      | Reached skill level 1 in Air Magic
  4488 | D:3      | Noticed Ijyb
  4505 | D:3      | Killed Ijyb
  4852 | D:4      | Noticed Natasha
  4857 | D:4      | Killed Natasha
  4967 | D:4      | Noticed Natasha
  4974 | D:4      | Killed Natasha
  4975 | D:4      | Reached XP level 7. HP: 40/41 MP: 12/12
  5289 | D:5      | Entered Level 5 of the Dungeon
  5344 | D:4      | Noticed Natasha
  5348 | D:4      | Killed Natasha
  5618 | D:5      | Noticed Blork the orc
  5643 | D:5      | Killed Blork the orc
  6644 | D:6      | Noticed a two-headed ogre
  6675 | D:6      | Killed a two-headed ogre
  6676 | D:6      | Reached XP level 8. HP: 52/52 MP: 9/14
  6697 | D:6      | Learned a level 2 spell: Static Discharge
  6792 | D:6      | Reached skill level 5 in Stealth
  6824 | D:6      | Noticed Sigmund
  7573 | D:5      | Reached skill level 5 in Dodging
  7666 | D:5      | Reached XP level 9. HP: 41/59 MP: 13/15
  8345 | D:6      | Reached skill level 5 in Fighting
  8710 | D:6      | Noticed Pikel
  8720 | D:6      | Killed Pikel
  8786 | D:6      | Killed Sigmund
  8866 | D:6      | Found a staircase to the Ecumenical Temple.
  8891 | Temple   | Entered the Ecumenical Temple
  9439 | Temple   | Became a worshipper of Vehumet
  9892 | D:6      | Learned a level 4 spell: Dispel Undead
 10000 | D:7      | Reached skill level 1 in Necromancy
 10098 | D:7      | Reached XP level 10. HP: 21/69 MP: 12/16
 10590 | D:7      | Noticed a two-headed ogre
 10975 | D:7      | Killed a two-headed ogre
 11094 | D:7      | Noticed a skeletal warrior
 11146 | D:7      | Killed a skeletal warrior
 11159 | D:7      | HP: 2/71 [wraith (12)]
 11162 | D:6      | Slain by a wraith

Illustrated notes

Levels and vault maps discovered:
D:1:      dpeg_arrival_shrine, layout_rooms, hellmonk_ecumenical_altar_run_dry
D:2:      layout_loops_corners, basic_altar, uniq_robin
D:3:      layout_rooms, serial_shops, shop, uniq_ijyb, uniq_grinder
D:4:      layout_loops_ring, uniq_natasha
D:5:      layout_loops_ring, uniq_blork_the_orc
D:6:      layout_basic, minmay_temple_entry_glassed_door,
          hangedman_decor_riveting, uniq_pikel, uniq_sigmund
D:7:      layout_basic, mainiacjoe_overflow_alcove_4,
          minmay_guarded_unrand_finisher
Temple:   mainiacjoe_temple_starburst

Skill      XL: |  1  2  3  4  5  6  7  8  9 10 |
---------------+-------------------------------+-----
Stealth        | 3 4 5 7 8 |  8.2
Poison Magic   | 4 5 6 7 8 |  8.0
Spellcasting   | 3 4 |  4.0
Conjurations   | 1 2 |  2.0
Air Magic      | 1 2 |  2.0
Transmutations | 2 |  2.0
Fighting       | 3 4 6 7 |  7.4
Dodging        | 4 5 7 8 |  8.0
Necromancy     | 1 3 |  3.6

Action                   |  1- 3 |  4- 6 |  7- 9 | 10-12 || total
-------------------------+-------+-------+-------+-------++-------
Melee: Unarmed           |     2 |       |       |       ||     2
       Constrict         |     2 |    18 |    17 |     1 ||    38
       Dagger            |     3 |    51 |    67 |     6 ||   127
       Tentacles         |     1 |     7 |    10 |     1 ||    19
 Cast: Sting             |    37 |    68 |    23 |     6 ||   134
       Poisonous Vapours |     2 |    25 |     9 |     6 ||    42
       Mephitic Cloud    |       |     3 |     5 |     7 ||    15
       Olgreb's Toxic Ra |       |     3 |    14 |     3 ||    20
       Static Discharge  |       |       |    43 |     4 ||    47
       Dispel Undead     |       |       |     2 |     6 ||     8
Evoke: Wand              |       |       |     2 |       ||     2
  Use: Scroll            |       |     4 |     2 |       ||     6
       Potion            |       |       |     1 |       ||     1
 Stab: Sleeping          |       |     3 |    10 |       ||    13
       Confused          |       |     1 |       |       ||     1
       Distracted        |       |       |       |     1 ||     1
Armor: Skin              |     2 |     5 |    10 |       ||    17
Dodge: Dodged            |    20 |    49 |    89 |    13 ||   171

Table legend: (Time is in decaauts)
 A = Elapsed time spent in this place.
 B = Non-inter-level travel time spent in this place.
 C = Inter-level travel time spent in this place.
 D = Time resting spent in this place.
 E = Time spent auto-exploring this place.
 F = Levels seen in this place.
 G = Mean time per level.
                   A        B        C        D        E       F      G
               +--------+--------+--------+--------+--------+-----+--------+
         Total |  11195 |  10584 |    611 |   2734 |   5583 |   8 | 1399.4 |
       Dungeon |  10586 |  10076 |    510 |   2734 |   5089 |   7 | 1512.3 |
        Temple |    608 |    507 |    101 |      0 |    494 |   1 |  608.0 |
               +--------+--------+--------+--------+--------+-----+--------+

Top non-repeatable levels by time:
     D:5: 2302 daAuts
     D:2: 1969 daAuts
     D:6: 1698 daAuts
     D:4: 1460 daAuts
     D:1: 1264 daAuts
     D:7: 1032 daAuts
     D:3: 857 daAuts
  Temple: 608 daAuts
